[Event "DVM U10 2024"]
[Site "Duesseldorf"]
[Date "2024.12.28"]
[Round "4"]
[White "Pukshansky, Mikhail B"]
[Black "Krupp, Jonathan"]
[Result "0-1"]
[ECO "C58"]
[WhiteElo "2405"]
[BlackElo "941"]
[Annotator "TA"]
[PlyCount "42"]
[EventDate "2024.12.23"]
[EventType "team-tourn"]
[EventRounds "7"]
[EventCountry "GER"]
[SourceTitle "playchess.com"]
[Source "ChessBase"]
[SourceQuality "1"]
[TimeControl "3300+5"]

1. e4 e5 2. Nf3 Nc6 3. Bc4 Nf6 4. Ng5 d5 5. exd5 Na5 $1 6. Bd3 (6. Bb5+ $11 c6 7. dxc6 bxc6 8. Bd3) 6... h6 ({Reject} 6... Qxd5 $6 7. O-O $11) 7. Nf3 Qxd5 ({Better is} 7... e4 $11 8. Qe2 Qe7) 8. Nc3 $14 {[%emt 0:00:25] White is slightly better.} Qe6 9. O-O {[%emt 0:00:28] Strongly threatening Re1.} e4 $2 {[%emt 0:00:06] [#]} (9... Bd6 $11) 10. Bxe4 Nxe4 11. Nxe4 Qxe4 $2 (11... Bd6 $16 12. Re1 (12. Nxd6+ Qxd6 13. Re1+ Be6 $16) 12... O-O) 12. Re1 $18 Qxe1+ 13. Qxe1+ Be6 (13... Be7 $142 14. d4 Nc4) 14. Nd4 Kd7 15. Nxe6 fxe6 16. d4 Re8 (16... Nc6 $142 17. Qe4 Rd8) 17. Qxa5 a6 18. h3 Bd6 19. d5 Re7 20. dxe6+ Rxe6 21. Qd5 $4 {[%emt 0:00:12][%mdl 8192] [#]} (21. Be3 $18) 21... Re1# {[%emt 0:00:31] What a bad dream for White.   Weighted Error Value: White=1.02/Black=0.86.  Loses game:     	---       	Black=2      Mistake:       	---       	Black=3      Inaccurate:     	White=2     	Black=1      OK:         	White=2     	Black=2      Best:        	White=2     	---} 0-1

[Event "DVM U10 2024"]
[Site "Duesseldorf"]
[Date "2024.12.28"]
[Round "4"]
[White "Jiang, Lucas"]
[Black "Chen, Aimée"]
[Result "1/2-1/2"]
[ECO "C55"]
[WhiteElo "2261"]
[BlackElo "1090"]
[Annotator "RC"]
[PlyCount "96"]
[EventDate "2024.12.23"]
[EventType "team-tourn"]
[EventRounds "7"]
[EventCountry "GER"]
[SourceTitle "playchess.com"]
[Source "ChessBase"]
[SourceQuality "1"]
[TimeControl "3300+5"]

1. e4 e5 2. Nf3 Nc6 3. Bc4 Nf6 4. d3 h6 5. Be3 d5 6. exd5 Nxd5 7. Bxd5 Qxd5 8. Nc3 Qd8 9. a3 Bd6 10. h3 Be6 11. Qd2 Qd7 12. O-O-O O-O-O 13. d4 exd4 14. Bxd4 Nxd4 15. Qxd4 Kb8 16. Rhe1 f6 17. Rd3 Rhe8 18. Red1 Bf5 19. R3d2 Qe7 20. Nd5 Qe4 21. Qxe4 Bxe4 22. Kb1 c6 23. Nc3 Kc7 24. Nxe4 Rxe4 25. Nd4 g6 26. f3 Re7 27. Rd3 a6 28. h4 c5 29. Rc3 Kb8 30. Nb3 b6 31. a4 Bc7 32. Rxd8+ Bxd8 33. a5 Re2 34. g3 Rg2 35. f4 Kb7 36. axb6 Bxb6 37. Ka2 Re2 38. Nxc5+ Bxc5 39. Rxc5 Re3 40. Rd5 Kc6 41. Rd3 Re2 42. Kb3 Re6 43. Kc4 Re4+ 44. Rd4 Re2 45. Kc3 Re3+ 46. Rd3 Re6 47. b4 Re4 48. Kb3 Re6 1/2-1/2

[Event "DVM U10 2024"]
[Site "Duesseldorf"]
[Date "2024.12.28"]
[Round "4"]
[White "Mueller, Konstantin"]
[Black "Fabritius, Wolf"]
[Result "1-0"]
[ECO "C02"]
[WhiteElo "1957"]
[BlackElo "1405"]
[Annotator "NA RC"]
[PlyCount "53"]
[EventDate "2024.12.23"]
[EventType "team-tourn"]
[EventRounds "7"]
[EventCountry "GER"]
[SourceTitle "playchess.com"]
[Source "ChessBase"]
[SourceQuality "1"]
[TimeControl "3300+5"]

1. e4 e6 2. d4 d5 3. e5 c5 4. c3 Bd7 5. Nf3 Qb6 6. a3 Bb5 7. Bxb5+ Qxb5 8. b4 c4 9. O-O Ne7 10. a4 Qd7 11. Na3 a5 12. b5 Ng6 13. Nc2 Be7 14. Be3 b6 15. Nd2 O-O 16. f4 f5 17. exf6 gxf6 18. Nf3 Kh8 19. Qe2 Qe8 20. Bd2 Bd6 21. Rae1 Bxf4 22. Qxe6 Qxe6 23. Rxe6 Bc7 24. Bh6 Rg8 25. Rxf6 Nd7 26. Rf7 Rad8 27. Ng5 1-0

[Event "DVM U10 2024"]
[Site "Duesseldorf"]
[Date "2024.12.28"]
[Round "4"]
[White "Boeskov, Steffen"]
[Black "Naveen, Yuvaan"]
[Result "0-1"]
[ECO "B08"]
[WhiteElo "1933"]
[BlackElo "1110"]
[Annotator "NA RC"]
[PlyCount "102"]
[EventDate "2024.12.23"]
[EventType "team-tourn"]
[EventRounds "7"]
[EventCountry "GER"]
[SourceTitle "playchess.com"]
[Source "ChessBase"]
[SourceQuality "1"]
[TimeControl "3300+5"]

1. e4 d6 2. Nc3 Nf6 3. Bc4 g6 4. d4 Bg7 5. Nf3 Bg4 6. h3 Bxf3 7. Qxf3 Nc6 8. Be3 Nb4 9. Bb3 Nc6 10. Ba4 O-O 11. e5 dxe5 12. Bxc6 bxc6 13. Qxc6 exd4 14. Rd1 e5 15. Bg5 Qe7 16. Nd5 Qe6 17. Nxf6+ Bxf6 18. Qxe6 fxe6 19. Bh6 Rf7 20. O-O g5 21. c3 Rd8 22. cxd4 Rxd4 23. Rxd4 exd4 24. Rd1 e5 25. Rc1 d3 26. h4 gxh4 27. Rc3 e4 28. Ra3 c5 29. Rb3 Be5 30. Rb5 Bd6 31. Kf1 Bf4 32. Bxf4 Rxf4 33. Rxc5 e3 34. Rd5 Rxf2+ 35. Ke1 d2+ 36. Kd1 Rxg2 37. b4 h3 38. Rd8+ Kg7 39. Rd7+ Kh6 40. Rd6+ Rg6 41. Rd4 Rg5 42. Rh4+ Rh5 43. Re4 h2 44. Rxe3 h1=Q+ 45. Kxd2 Rd5+ 46. Ke2 Qd1+ 47. Kf2 Rd2+ 48. Kg3 Qg1+ 49. Kf3 Qf2+ 50. Ke4 Kg5 51. Rf3 Qd4# 0-1

[Event "DVM U10 2024"]
[Site "Duesseldorf"]
[Date "2024.12.28"]
[Round "4"]
[White "Pereira, Jefferson Luis de S."]
[Black "Ragavendra Prasanna, Shyam Sundar"]
[Result "0-1"]
[ECO "C45"]
[WhiteElo "1932"]
[BlackElo "1524"]
[Annotator "NA RC"]
[PlyCount "88"]
[EventDate "2024.12.23"]
[EventType "team-tourn"]
[EventRounds "7"]
[EventCountry "GER"]
[SourceTitle "playchess.com"]
[Source "ChessBase"]
[SourceQuality "1"]
[TimeControl "3300+5"]

1. e4 e5 2. Nf3 Nc6 3. Nc3 Nf6 4. d4 exd4 5. Nxd4 d5 6. Nxc6 bxc6 7. e5 Qe7 8. Bf4 Nh5 9. Qxh5 d4 10. Ne4 Qb4+ 11. Nd2 Qxb2 12. Nb3 Bb4+ 13. Bd2 Bxd2+ 14. Kxd2 Be6 15. Re1 Qxa2 16. Qd1 Bxb3 17. g3 Rb8 18. Kd3 Bc4+ 19. Kxd4 Rd8+ 20. Ke3 Rxd1 21. Rxd1 Bxf1 22. Rhxf1 Qxc2 23. Rd2 Qc3+ 24. Rd3 Qxe5+ 25. Kd2 O-O 26. Re1 Qa5+ 27. Rc3 Rd8+ 28. Ke2 Qxc3 29. Kf1 Qd3+ 30. Kg1 Qd1 31. Kf1 a5 32. h4 a4 33. Rxd1 Rxd1+ 34. Ke2 Rb1 35. Kd2 a3 36. Kc2 a2 37. h5 a1=Q 38. h6 gxh6 39. g4 Qa2+ 40. Kc3 Rb3+ 41. Kc4 Qc2+ 42. Kd4 Rd3+ 43. Ke4 Qe2+ 44. Kf4 Rf3# 0-1

[Event "DVM U10 2024"]
[Site "Duesseldorf"]
[Date "2024.12.28"]
[Round "4"]
[White "Hahn, David"]
[Black "Raskob, Levi Franziskus"]
[Result "1/2-1/2"]
[ECO "A45"]
[WhiteElo "1887"]
[BlackElo "840"]
[Annotator "NA RC"]
[PlyCount "74"]
[EventDate "2024.12.23"]
[EventType "team-tourn"]
[EventRounds "7"]
[EventCountry "GER"]
[SourceTitle "playchess.com"]
[Source "ChessBase"]
[SourceQuality "1"]
[TimeControl "3300+5"]

1. d4 g6 2. Nc3 Nf6 3. Bf4 Ng4 4. e3 e6 5. f3 Qh4+ 6. Bg3 Qg5 7. fxg4 Qxe3+ 8. Nge2 c5 9. Qc1 Bh6 10. Qxe3 Bxe3 11. dxc5 Bxc5 12. O-O-O Be3+ 13. Kb1 Nc6 14. Nb5 O-O 15. Nc7 Rb8 16. Nxe6 dxe6 17. Bxb8 Nxb8 18. Rd3 Nc6 19. Rxe3 Nb4 20. Nd4 Rd8 21. Nb3 Rd1+ 22. Nc1 e5 23. Rxe5 Be6 24. Rxe6 fxe6 25. c3 Nd3 26. Kc2 Nf2 27. Nb3 Re1 28. Rg1 Nxg4 29. Nc5 Nxh2 30. Rh1 Nxf1 31. Nd3 Ne3+ 32. Kd2 Rxh1 33. Kxe3 Rg1 34. Nc5 Rxg2 35. Nxe6 Rg3+ 36. Kd4 Rg4+ 37. Kd5 Rh4 1/2-1/2

[Event "DVM U10 2024"]
[Site "Duesseldorf"]
[Date "2024.12.28"]
[Round "4"]
[White "White, William"]
[Black "Glaser-Gallion, Ludwig"]
[Result "1/2-1/2"]
[ECO "B12"]
[WhiteElo "1750"]
[BlackElo "1358"]
[Annotator "NA RC"]
[PlyCount "63"]
[EventDate "2024.12.23"]
[EventType "team-tourn"]
[EventRounds "7"]
[EventCountry "GER"]
[SourceTitle "playchess.com"]
[Source "ChessBase"]
[SourceQuality "1"]
[TimeControl "3300+5"]

1. e4 c6 2. d4 d5 3. e5 c5 4. c3 Nc6 5. Nf3 cxd4 6. cxd4 Bg4 7. Bb5 e6 8. Nc3 Bb4 9. a3 Bxc3+ 10. bxc3 Nge7 11. h3 Bxf3 12. Qxf3 a6 13. Bxc6+ Nxc6 14. Qg3 g6 15. Bg5 Qa5 16. O-O Qc7 17. Bf6 Rf8 18. Qg5 h5 19. Qh6 Ne7 20. Rfc1 Ng8 21. Qf4 Nxf6 22. Qxf6 Qe7 23. Qxe7+ Kxe7 24. c4 dxc4 25. Rxc4 Rfc8 26. Rb4 b5 27. a4 Rc4 28. Rab1 Rxb4 29. Rxb4 bxa4 30. Rxa4 a5 31. Kf1 Kd7 32. Ke2 1/2-1/2

[Event "DVM U10 2024"]
[Site "Duesseldorf"]
[Date "2024.12.28"]
[Round "4"]
[White "Barsov, Mikhail"]
[Black "Zentgraf, Raphael"]
[Result "1-0"]
[ECO "B22"]
[WhiteElo "1737"]
[BlackElo "1175"]
[Annotator "NA RC"]
[PlyCount "85"]
[EventDate "2024.12.23"]
[EventType "team-tourn"]
[EventRounds "7"]
[EventCountry "GER"]
[SourceTitle "playchess.com"]
[Source "ChessBase"]
[SourceQuality "1"]
[TimeControl "3300+5"]

1. e4 c5 2. c3 Nf6 3. e5 Nd5 4. Nf3 e6 5. d4 cxd4 6. cxd4 b6 7. Be2 Qc7 8. O-O Bb7 9. Bd2 Nc6 10. Nc3 Nxc3 11. Bxc3 d6 12. Rc1 Rd8 13. Qa4 Be7 14. b4 O-O 15. b5 Nb8 16. Qxa7 Nd7 17. Bb4 Nc5 18. exd6 Bxd6 19. dxc5 bxc5 20. Bxc5 Bxc5 21. Qxc5 Qxc5 22. Rxc5 Ra8 23. Ra1 Bd5 24. a4 Rfb8 25. a5 Bb7 26. a6 Kf8 27. Rac1 Bd5 28. Ne5 Rd8 29. Rc7 f6 30. Nd7+ Ke8 31. Nb6 Rdb8 32. Nxa8 Rxa8 33. Rc8+ Rxc8 34. Rxc8+ Kd7 35. Rg8 Kc7 36. Rxg7+ Kb8 37. a7+ Ka8 38. Bf3 h6 39. Bxd5+ exd5 40. b6 d4 41. Rg8+ Kb7 42. a8=Q+ Kxb6 43. Rc8 1-0

[Event "DVM U10 2024"]
[Site "Duesseldorf"]
[Date "2024.12.28"]
[Round "4"]
[White "Liu, Jonas"]
[Black "Jozsa, Lev"]
[Result "1-0"]
[ECO "C42"]
[WhiteElo "1690"]
[BlackElo "1617"]
[Annotator "NA RC"]
[PlyCount "111"]
[EventDate "2024.12.23"]
[EventType "team-tourn"]
[EventRounds "7"]
[EventCountry "GER"]
[SourceTitle "playchess.com"]
[Source "ChessBase"]
[SourceQuality "1"]
[TimeControl "3300+5"]

1. e4 e5 2. Nf3 Nf6 3. Nxe5 Nc6 4. Nxc6 dxc6 5. e5 Ne4 6. d4 c5 7. Nc3 Nxc3 8. bxc3 cxd4 9. Qxd4 Bf5 10. Bd3 Qxd4 11. cxd4 Bxd3 12. cxd3 O-O-O 13. Be3 Ba3 14. Ke2 Bb2 15. Rab1 Bxd4 16. f4 Rhe8 17. Bxd4 Rxd4 18. Ke3 Rd7 19. d4 f6 20. Ke4 g5 21. f5 c5 22. Rhd1 Rxd4+ 23. Rxd4 Rxe5+ 24. Kd3 cxd4 25. g4 Re3+ 26. Kxd4 Re2 27. h4 h6 28. hxg5 hxg5 29. Rh1 Rxa2 30. Rh8+ Kd7 31. Rh7+ Kc6 32. Rh6 Ra4+ 33. Ke3 Rxg4 34. Rxf6+ Kb5 35. Rg6 a5 36. f6 Rg1 37. Kf2 Rg4 38. Ke3 Kb4 39. Rg7 b5 40. Re7 Rg1 41. Kf2 Rg4 42. Ke3 Rg1 43. Re4+ Kb3 44. Kf2 Rc1 45. f7 Rc8 46. Re8 Rc4 47. Re3+ Ka4 48. Ra3+ Kxa3 49. f8=Q+ b4 50. Qd6 a4 51. Qd5 Kb3 52. Ke2 a3 53. Kd3 a2 54. Qxc4+ Ka3 55. Kc2 a1=Q 56. Qb3# 1-0

[Event "DVM U10 2024"]
[Site "Duesseldorf"]
[Date "2024.12.28"]
[Round "4"]
[White "Liu, Siyuan B"]
[Black "Satheesh, Yazhini"]
[Result "1-0"]
[ECO "C47"]
[WhiteElo "1687"]
[BlackElo "1023"]
[Annotator "NA RC"]
[PlyCount "167"]
[EventDate "2024.12.23"]
[EventType "team-tourn"]
[EventRounds "7"]
[EventCountry "GER"]
[SourceTitle "playchess.com"]
[Source "ChessBase"]
[SourceQuality "1"]
[TimeControl "3300+5"]

1. e4 e5 2. Nf3 Nc6 3. d4 exd4 4. Nxd4 Be7 5. Nxc6 dxc6 6. Qxd8+ Bxd8 7. Nc3 Nf6 8. Bd3 Be6 9. e5 Nd5 10. Bd2 Nxc3 11. Bxc3 Bg5 12. O-O O-O 13. f4 Be7 14. f5 Bc5+ 15. Kh1 Bd7 16. f6 g6 17. a3 Be6 18. b4 Bb6 19. Bb2 a6 20. c4 Be3 21. c5 Rad8 22. Be4 Bd4 23. Rab1 Bxb2 24. Rxb2 Bc4 25. Rc1 Be6 26. h3 Rfe8 27. Rcc2 Kf8 28. Rd2 Rxd2 29. Rxd2 Kg8 30. Bf3 Bf5 31. g4 Be6 32. Kg2 h6 33. Kg3 Kh7 34. Be4 Kh8 35. Rd4 Kg8 36. Kf3 Kh8 37. Kf4 Kg8 38. h4 Kh8 39. g5 h5 40. Rd3 Kg8 41. Kg3 Kh8 42. a4 Rb8 43. Kf3 Bg4+ 44. Kg3 Be6 45. Bf3 Kg8 46. Kf2 Kh8 47. Rd4 Kg8 48. Ke3 Kh8 49. Be4 Kg8 50. Bd3 Re8 51. Kf4 Kh8 52. b5 axb5 53. axb5 cxb5 54. Bxb5 Rf8 55. Bd7 Bb3 56. Rb4 Bd5 57. Ke3 Bc6 58. Bxc6 bxc6 59. Rb7 Rc8 60. Kd4 Rd8+ 61. Kc4 Rc8 62. Rb3 Kg8 63. Ra3 Kf8 64. Ra6 Ke8 65. Rxc6 Kd7 66. Ra6 Rd8 67. Kd4 Ke8+ 68. Ke4 Kd7 69. c6+ Ke8 70. Ra7 Rc8 71. Rb7 Kd8 72. Kd5 Ke8 73. e6 Kf8 74. exf7 Kxf7 75. Ke5 Re8+ 76. Kd5 Rd8+ 77. Kc5 Rc8 78. Rb4 Re8 79. Rd4 Re5+ 80. Rd5 Rxd5+ 81. Kxd5 Ke8 82. Ke6 Kd8 83. f7 Kc8 84. f8=R# 1-0

[Event "DVM U10 2024"]
[Site "Duesseldorf"]
[Date "2024.12.28"]
[Round "4"]
[White "Ahmadov, Ahmad"]
[Black "Huang, Flora Yueya"]
[Result "0-1"]
[ECO "B23"]
[WhiteElo "1663"]
[BlackElo "1481"]
[Annotator "NA RC"]
[PlyCount "70"]
[EventDate "2024.12.23"]
[EventType "team-tourn"]
[EventRounds "7"]
[EventCountry "GER"]
[SourceTitle "playchess.com"]
[Source "ChessBase"]
[SourceQuality "1"]
[TimeControl "3300+5"]

1. e4 c5 2. Nc3 e6 3. d3 Nc6 4. f4 d5 5. Nf3 dxe4 6. Nxe4 Nf6 7. Be3 b6 8. g3 Bb7 9. Bg2 Nd5 10. Bf2 Be7 11. O-O Bf6 12. d4 cxd4 13. Nxd4 Bxd4 14. Bxd4 O-O 15. b3 Nxd4 16. Qxd4 Qc7 17. c4 Nb4 18. Qc3 Nc6 19. f5 exf5 20. Rxf5 f6 21. c5 Ne7 22. Rff1 Nd5 23. Qc4 Kh8 24. Rae1 Ne7 25. Nd6 Bxg2 26. Kxg2 Ng6 27. Rc1 Ne5 28. Qc3 Rfd8 29. b4 h6 30. Nb5 Qc6+ 31. Kg1 Qxb5 32. c6 Rac8 33. Rfd1 Rxd1+ 34. Rxd1 Qxc6 35. Rd8+ Rxd8 0-1

[Event "DVM U10 2024"]
[Site "Duesseldorf"]
[Date "2024.12.28"]
[Round "4"]
[White "Sauer, Ben"]
[Black "Wessels, Keke"]
[Result "0-1"]
[ECO "B43"]
[WhiteElo "1645"]
[BlackElo "1568"]
[Annotator "NA RC"]
[PlyCount "36"]
[EventDate "2024.12.23"]
[EventType "team-tourn"]
[EventRounds "7"]
[EventCountry "GER"]
[SourceTitle "playchess.com"]
[Source "ChessBase"]
[SourceQuality "1"]
[TimeControl "3300+5"]

1. e4 c5 2. Nf3 e6 3. d4 cxd4 4. Nxd4 a6 5. Nc3 b5 6. a3 Bb7 7. Be2 Qc7 8. O-O Nf6 9. Qd3 Nc6 10. Nxc6 Bxc6 11. Bf3 Bd6 12. h3 Rc8 13. Rd1 Be5 14. Bd2 O-O 15. Re1 Rfe8 16. Rad1 Rcd8 17. Qf1 Re7 18. Rb1 Ne8 0-1

[Event "DVM U10 2024"]
[Site "Duesseldorf"]
[Date "2024.12.28"]
[Round "4"]
[White "Satheesh, Dharshini"]
[Black "Mayer, Frederik Eliot"]
[Result "1-0"]
[ECO "C62"]
[WhiteElo "1643"]
[BlackElo "1128"]
[Annotator "NA RC"]
[PlyCount "141"]
[EventDate "2024.12.23"]
[EventType "team-tourn"]
[EventRounds "7"]
[EventCountry "GER"]
[SourceTitle "playchess.com"]
[Source "ChessBase"]
[SourceQuality "1"]
[TimeControl "3300+5"]

1. e4 e5 2. Nf3 Nc6 3. Bb5 d6 4. d4 Bg4 5. d5 a6 6. dxc6 axb5 7. cxb7 Rb8 8. Qd5 Qd7 9. a4 c6 10. Qd3 Qxb7 11. a5 Ra8 12. h3 Bxf3 13. Qxf3 Nf6 14. Bg5 Be7 15. Qd3 Qc7 16. a6 h6 17. Be3 O-O 18. O-O Rfd8 19. Nc3 b4 20. Na4 d5 21. Bb6 Qd6 22. Bxd8 Bxd8 23. exd5 cxd5 24. b3 Rxa6 25. Nb2 Rc6 26. Rfe1 e4 27. Qg3 Qxg3 28. fxg3 Bb6+ 29. Kf1 Rxc2 30. Re2 Rc6 31. Ra4 Bc5 32. Rc2 Kf8 33. Rxb4 Bxb4 34. Rxc6 d4 35. Rc4 Bc3 36. Nd1 e3 37. Nxc3 dxc3 38. Rxc3 Ne4 39. Rxe3 Nd6 40. b4 f6 41. Ke2 Kf7 42. Kd3 Nf5 43. Re1 Nd6 44. Kd4 Nb5+ 45. Kc5 Na3 46. b5 Nxb5 47. Kxb5 g5 48. g4 Kg6 49. Kc5 h5 50. Rf1 hxg4 51. hxg4 Kf7 52. Kd6 Kg6 53. Ke6 Kg7 54. Rxf6 Kg8 55. Rg6+ Kh7 56. Rxg5 Kh6 57. Rf5 Kg6 58. Rf6+ Kg5 59. Ke5 Kxg4 60. Rf7 Kg3 61. Ke4 Kxg2 62. Ke3 Kg3 63. Rg7+ Kh4 64. Kf3 Kh5 65. Kf4 Kh6 66. Rg1 Kh5 67. Rg2 Kh6 68. Kf5 Kh7 69. Kf6 Kh8 70. Kf7 Kh7 71. Rh2# 1-0

[Event "DVM U10 2024"]
[Site "Duesseldorf"]
[Date "2024.12.28"]
[Round "4"]
[White "Vignesh Bama, Dev"]
[Black "Kutschenreuter, Leo"]
[Result "1-0"]
[ECO "C40"]
[WhiteElo "1633"]
[BlackElo "1085"]
[Annotator "NA"]
[PlyCount "93"]
[EventDate "2024.12.23"]
[EventType "team-tourn"]
[EventRounds "7"]
[EventCountry "GER"]
[SourceTitle "playchess.com"]
[Source "ChessBase"]
[SourceQuality "1"]
[TimeControl "3300+5"]

1. e4 e5 2. Nf3 d5 3. exd5 Qxd5 4. Nc3 Qc5 5. Bb5+ c6 6. Ba4 Nf6 7. O-O Bd6 8. Re1 O-O 9. d4 exd4 10. Nxd4 Bg4 11. f3 Bh5 12. Be3 Re8 13. Nb3 Qe5 14. f4 Qxe3+ 15. Rxe3 Bxd1 16. Rxe8+ Nxe8 17. Rxd1 Bxf4 18. Rd8 Kf8 19. Nd4 Be3+ 20. Kf1 b5 21. Ncxb5 cxb5 22. Bxb5 g6 23. Rxe8+ Kg7 24. Rxe3 a6 25. Bc4 Nd7 26. Re7 Nb6 27. Rxf7+ Kh6 28. Rf6 Nxc4 29. b3 Nd2+ 30. Ke2 Ne4 31. Rf4 Nc3+ 32. Kd3 Nxa2 33. Ne6 Kh5 34. Ra4 Nc1+ 35. Kd2 Re8 36. Ng7+ Kh6 37. Nxe8 Nxb3+ 38. cxb3 g5 39. Rxa6+ Kh5 40. b4 Kg4 41. b5 h5 42. Ra4+ Kf5 43. b6 g4 44. b7 Kg5 45. b8=Q Kf5 46. Qb5+ Ke6 47. Ra6+ 1-0

[Event "DVM U10 2024"]
[Site "Duesseldorf"]
[Date "2024.12.28"]
[Round "4"]
[White "Zielke, Mika"]
[Black "Horn, Philipp"]
[Result "1-0"]
[ECO "C54"]
[WhiteElo "1623"]
[BlackElo "988"]
[Annotator "NA"]
[PlyCount "81"]
[EventDate "2024.12.23"]
[EventType "team-tourn"]
[EventRounds "7"]
[EventCountry "GER"]
[SourceTitle "playchess.com"]
[Source "ChessBase"]
[SourceQuality "1"]
[TimeControl "3300+5"]

1. e4 e5 2. Nf3 Nc6 3. Bc4 Bc5 4. c3 Nf6 5. d3 a6 6. a4 d6 7. Be3 Bxe3 8. fxe3 O-O 9. O-O Ne7 10. Nbd2 Ng6 11. Re1 c6 12. d4 Qb6 13. Qb3 Qc7 14. Rad1 Bg4 15. Qc2 Rfe8 16. h3 Be6 17. Ng5 Bxc4 18. Nxc4 h6 19. Nf3 b5 20. Ncd2 Qa5 21. b4 Qc7 22. a5 c5 23. Rc1 Rac8 24. dxc5 dxc5 25. Qb2 Red8 26. Qb1 c4 27. Re2 Qa7 28. Nh2 Rd3 29. Nhf1 Rcd8 30. Qc2 Qb7 31. Ng3 Nh7 32. Rf1 Nf6 33. Kh1 Qd7 34. Rd1 Nh4 35. Kg1 Qa7 36. Ngf1 Nh5 37. Ree1 R8d6 38. Nb1 Rxd1 39. Rxd1 Rxd1 40. Qxd1 Qe7 41. Qxh5 1-0

[Event "DVM U10 2024"]
[Site "Duesseldorf"]
[Date "2024.12.28"]
[Round "4"]
[White "Roessling, Johannes"]
[Black "Schmidt, Jan"]
[Result "1-0"]
[ECO "B13"]
[WhiteElo "1618"]
[BlackElo "1688"]
[Annotator "NA RC"]
[PlyCount "45"]
[EventDate "2024.12.23"]
[EventType "team-tourn"]
[EventRounds "7"]
[EventCountry "GER"]
[SourceTitle "playchess.com"]
[Source "ChessBase"]
[SourceQuality "1"]
[TimeControl "3300+5"]

1. e4 c6 2. d4 d5 3. exd5 cxd5 4. c4 Nf6 5. Nc3 Nc6 6. Nf3 Bg4 7. Be3 e6 8. c5 Bxf3 9. Qxf3 Be7 10. a3 a5 11. Bd3 Bxc5 12. dxc5 d4 13. Bd2 Ne5 14. Bb5+ Nfd7 15. Qg3 dxc3 16. Bxc3 Ng6 17. Bxg7 Rg8 18. Bc3 h5 19. Qd6 Ngf8 20. g3 Rg5 21. Rd1 Qc8 22. Bf6 Qxc5 23. Bxd7+ 1-0

[Event "DVM U10 2024"]
[Site "Duesseldorf"]
[Date "2024.12.28"]
[Round "4"]
[White "Thirumal, Shravan"]
[Black "Jiang, Alexander D"]
[Result "0-1"]
[ECO "C01"]
[WhiteElo "1614"]
[BlackElo "1958"]
[Annotator "NA RC"]
[PlyCount "52"]
[EventDate "2024.12.23"]
[EventType "team-tourn"]
[EventRounds "7"]
[EventCountry "GER"]
[SourceTitle "playchess.com"]
[Source "ChessBase"]
[SourceQuality "1"]
[TimeControl "3300+5"]

1. e4 e6 2. Nf3 d5 3. exd5 exd5 4. d4 Nf6 5. Nc3 Bb4 6. a3 Bxc3+ 7. bxc3 Ne4 8. c4 Qe7 9. Be3 c6 10. Bd3 Bg4 11. O-O O-O 12. h3 Bh5 13. Re1 Qf6 14. Rb1 Nc3 15. Bxh7+ Kxh7 16. Ng5+ Qxg5 17. Qd3+ Qg6 18. Qxc3 Bf3 19. g3 Qh5 20. Kh2 Nd7 21. Rxb7 Nf6 22. Qd3+ Be4 23. Qf1 Qf3 24. Rb3 dxc4 25. Rc3 Rh8 26. Bd2 Ng4+ 0-1

[Event "DVM U10 2024"]
[Site "Duesseldorf"]
[Date "2024.12.28"]
[Round "4"]
[White "Ni, Wilhelm Zeyin"]
[Black "El-Issa, Erik"]
[Result "0-1"]
[ECO "B15"]
[WhiteElo "1611"]
[BlackElo "1530"]
[Annotator "NA"]
[PlyCount "84"]
[EventDate "2024.12.23"]
[EventType "team-tourn"]
[EventRounds "7"]
[EventCountry "GER"]
[SourceTitle "playchess.com"]
[Source "ChessBase"]
[SourceQuality "1"]
[TimeControl "3300+5"]

1. e4 c6 2. Nf3 d5 3. Nc3 g6 4. d4 Bg7 5. Be2 Bg4 6. Be3 e6 7. h3 Bxf3 8. Bxf3 Ne7 9. O-O O-O 10. Qd2 Nd7 11. Rad1 Nb6 12. b3 Nd7 13. Rfe1 Rc8 14. Na4 b6 15. c4 Nf6 16. e5 Nd7 17. Nc3 Nf5 18. Bg5 Qe8 19. g3 h6 20. Be3 f6 21. g4 Nxe3 22. Qxe3 fxe5 23. dxe5 Nxe5 24. Bg2 Qf7 25. Ne2 g5 26. Ng3 Rce8 27. Nh5 Nf3+ 28. Bxf3 Qxf3 29. Qxf3 Rxf3 30. Nxg7 Kxg7 31. Kg2 Rf7 32. cxd5 cxd5 33. Rxd5 Rfe7 34. Rde5 Kf6 35. R5e4 e5 36. Rc1 Rd8 37. Rc6+ Re6 38. Rc7 a5 39. Rc2 Rd4 40. Ree2 e4 41. Re3 Rd3 42. Rce2 Rxe3 0-1

[Event "DVM U10 2024"]
[Site "Duesseldorf"]
[Date "2024.12.28"]
[Round "4"]
[White "Riazi, Dominik"]
[Black "Wittenberger, Henri"]
[Result "1-0"]
[ECO "B52"]
[WhiteElo "1602"]
[BlackElo "1421"]
[Annotator "NA"]
[PlyCount "61"]
[EventDate "2024.12.23"]
[EventType "team-tourn"]
[EventRounds "7"]
[EventCountry "GER"]
[SourceTitle "playchess.com"]
[Source "ChessBase"]
[SourceQuality "1"]
[TimeControl "3300+5"]

1. e4 c5 2. Nf3 d6 3. Bb5+ Bd7 4. c4 Nf6 5. Nc3 a6 6. Bxd7+ Nbxd7 7. d3 g6 8. O-O Bg7 9. h3 O-O 10. Be3 Rc8 11. a4 Re8 12. Rb1 e6 13. b4 cxb4 14. Rxb4 Qa5 15. Qb3 d5 16. Rxb7 Rb8 17. Rxb8 Rxb8 18. Qc2 Ne8 19. Bd2 dxc4 20. dxc4 Qc5 21. Rb1 Qxc4 22. Rxb8 Nxb8 23. a5 Nc6 24. Qa4 Qxa4 25. Nxa4 Nd6 26. Nc5 Nc4 27. Be1 N6xa5 28. Nxa6 Nc6 29. Nb4 Nxb4 30. Bxb4 Bf8 31. Bc3 1-0

[Event "DVM U10 2024"]
[Site "Duesseldorf"]
[Date "2024.12.28"]
[Round "4"]
[White "von Flottwell, Lionel"]
[Black "Dombert, Johannes"]
[Result "1-0"]
[ECO "A45"]
[WhiteElo "1597"]
[BlackElo "1611"]
[Annotator "NA"]
[PlyCount "97"]
[EventDate "2024.12.23"]
[EventType "team-tourn"]
[EventRounds "7"]
[EventCountry "GER"]
[SourceTitle "playchess.com"]
[Source "ChessBase"]
[SourceQuality "1"]
[TimeControl "3300+5"]

1. d4 Nf6 2. Bg5 e6 3. e4 h6 4. Bxf6 Qxf6 5. c3 c5 6. a3 Nc6 7. Nf3 Be7 8. h3 d6 9. d5 Ne5 10. Nxe5 Qxe5 11. Bb5+ Bd7 12. Bxd7+ Kxd7 13. dxe6+ fxe6 14. Qa4+ Kc7 15. O-O Rhf8 16. c4 Qxb2 17. Qa5+ b6 18. Qc3 Bf6 19. Qxb2 Bxb2 20. Ra2 Bd4 21. a4 g5 22. a5 h5 23. a6 g4 24. hxg4 hxg4 25. g3 Rf7 26. Na3 Rh8 27. Nb5+ Kc6 28. Kg2 Rfh7 29. Rg1 Rh2+ 30. Kf1 Rf8 31. Nxa7+ Kd7 32. Rg2 Rh1+ 33. Rg1 Rh2 34. Rg2 Rh1+ 35. Ke2 Ra1 36. Rxa1 Bxa1 37. Nb5 d5 38. exd5 exd5 39. cxd5 Re8+ 40. Kd2 Ra8 41. a7 Be5 42. Rh2 Ke7 43. Rh4 Rd8 44. Kc2 Rf8 45. Kb3 Rf3+ 46. Kc4 Rf8 47. Rxg4 Kd7 48. f4 Bh8 49. Rg6 1-0

[Event "DVM U10 2024"]
[Site "Duesseldorf"]
[Date "2024.12.28"]
[Round "4"]
[White "Marx, Jakob"]
[Black "Frikel, Konstantin"]
[Result "1-0"]
[ECO "C56"]
[WhiteElo "1591"]
[BlackElo "1199"]
[Annotator "NA"]
[PlyCount "91"]
[EventDate "2024.12.23"]
[EventType "team-tourn"]
[EventRounds "7"]
[EventCountry "GER"]
[SourceTitle "playchess.com"]
[Source "ChessBase"]
[SourceQuality "1"]
[TimeControl "3300+5"]

1. e4 e5 2. Bc4 Nf6 3. d4 exd4 4. Nf3 Nc6 5. O-O d5 6. exd5 Nxd5 7. Re1+ Be6 8. Nxd4 Nxd4 9. Qxd4 Be7 10. Bxd5 Qxd5 11. Qxg7 O-O-O 12. Nc3 Qc6 13. Qe5 Rhg8 14. Qe4 Qxe4 15. Nxe4 Kb8 16. Bf4 Bd5 17. Ng3 Bc6 18. Rxe7 Rgf8 19. Bxc7+ Ka8 20. Bxd8 Rxd8 21. Rae1 a6 22. Rxf7 h6 23. Rh7 Rd6 24. Nf5 Rg6 25. g3 Rg5 26. Re5 Bf3 27. Rxh6 Rg4 28. Rh4 Rg5 29. Re8+ Ka7 30. Nd4 Bd5 31. f4 Rg7 32. Rhh8 Rd7 33. b4 Bxa2 34. Ra8+ Kb6 35. Rh6+ Kc7 36. Ne6+ Bxe6 37. Rxe6 Rd1+ 38. Kf2 Rd2+ 39. Re2 Rd4 40. c3 Rd3 41. Ree8 Rd2+ 42. Kg1 Kb6 43. Re6+ Kc7 44. f5 Rd3 45. Re7+ Kb6 46. f6 1-0